Map: Pillars of Gold LE

Players

Serral - Winner!

  • Race: Zerg Zerg
  • Spawn Location: 1:00

Hurricane

  • Race: Protoss Protoss
  • Spawn Location: 7:00

Event: War Chest Team League

VOD

Have the link to the VOD?

Description

Time

  • Played on: Aug. 2, 2020, 7:09 a.m.
  • Length: 9:25
Show
View Real Time Build Order
Export as new Build Order

Serral Zerg - Winner!

Build Orders: Hatch First 

Get SALT Encoding   

  12  0:00  Drone  
  13  0:13  Overlord  
  13  0:17  Drone  
  14  0:31  Drone x2  
  16  0:50  Hatchery  
  16  0:54  Drone  
  16  0:58  Drone  
  16  1:01  Drone  
  18  1:11  Extractor  
  18  1:17  Spawning Pool  
  16  1:20  Drone  
  16  1:23  Drone  
  18  1:28  Drone  
  19  1:39  Drone  
  20  1:52  Overlord  
  20  2:03  Queen x2  
  20  2:04  Zergling x2  
  20  2:05  Zergling x2  
  26  2:12  Drone  
  26  2:13  Drone  
  26  2:15  Metabolic Boost  
  29  2:22  Drone  
  29  2:24  Drone  
  30  2:38  Hatchery  
  30  2:41  Drone  
  30  2:43  Drone  
  31  2:48  Overlord  
  31  2:51  Drone  
  32  2:54  Drone  
  33  2:59  Queen  
  33  3:02  Drone  
  36  3:11  Drone  
  36  3:12  Drone x3  
  40  3:15  Overlord  
  40  3:20  Zergling x4  
  42  3:28  Overlord  
  42  3:32  Overlord  
  42  3:37  Queen  
  42  3:40  Drone x2  
  46  3:43  Drone x2  
  49  3:48  Zergling x2  
  49  3:50  Queen, Drone  
  49  3:53  Drone, Spore Crawler  
  52  4:01  Drone x4  
  56  4:03  Drone  
  56  4:05  Spore Crawler  
  56  4:12  Zergling x2  
  56  4:13  Overlord  
  56  4:14  Drone x2  
  56  4:15  Drone  
  59  4:20  Overlord  
  59  4:26  Zergling x2  
  59  4:27  Lair  
  59  4:30  Roach Warren  
  59  4:31  Drone  
  60  4:33  Drone  
  60  4:34  Drone  
  60  4:36  Extractor, Drone  
  60  4:38  Extractor, Drone  
  62  4:41  Drone x2  
  62  4:44  Drone  
  65  4:47  Drone x3  
  65  4:49  Drone x2  
  65  4:52  Spore Crawler  
  69  4:55  Drone x2  
  71  5:00  Overlord  
  71  5:01  Drone x3  
  74  5:08  Drone x3  
  74  5:11  Extractor, Evolution Chamber  
  74  5:13  Overlord  
  75  5:18  Overlord  
  75  5:19  Zergling x2  
  76  5:23  Drone  
  76  5:24  Drone  
  76  5:25  Drone x3  
  76  5:26  Glial Reconstitution  
  76  5:27  Drone x4  
  85  5:29  Extractor x2  
  85  5:33  Roach  
  85  5:37  Overseer  
  85  5:39  Zerg Melee Weapons Level 1  
  85  5:40  Overlord  
  85  5:42  Overlord  
  85  5:44  Roach x3  
  85  5:48  Queen  
  92  5:51  Queen  
  92  5:54  Queen  
  96  5:57  Drone  
  96  6:01  Baneling Nest  
  96  6:02  Overlord  
  96  6:03  Roach x2  
  100  6:13  Nydus Network  
  100  6:15  Hatchery  
  100  6:18  Spore Crawler  
  97  6:21  Spore Crawler  
  97  6:26  Nydus Network  
  97  6:27  Roach  
  97  6:28  Roach x4  
  97  6:31  Queen  
  100  6:35  Queen  
  102  6:45  Zergling x4, Roach x4  
  108  6:51  Roach x2  
  112  6:56  Overlord x3  
  112  7:08  Nydus Canal  
  112  7:09  Roach  
  114  7:18  Roach x9  
  131  7:23  Nydus Canal  
  131  7:26  Ravager  
  131  7:27  Ravager x6  
  131  7:29  Zergling x2, Roach  
  143  7:30  Zergling x2, Roach  
  143  7:39  Zergling x2  
  143  7:40  Zergling x2  
  141  7:45  Zergling x4  
  143  7:52  Overlord  
  143  7:53  Overlord  
  143  7:59  Hydralisk Den  
  143  8:05  Drone x2  
  143  8:09  Drone  
  143  8:14  Overlord x2  
  143  8:15  Drone x7  
  148  8:22  Drone x3  
  148  8:23  Drone  
  148  8:26  Spore Crawler  
  148  8:27  Nydus Canal  
  148  8:30  Drone x3  
  151  8:41  Hydralisk x6  
  162  8:54  Zergling x2, Hydralisk x2  
  162  8:55  Zergling x12  
  147  9:08  Zergling x18  
Show
View Real Time Build Order
Export as new Build Order

Hurricane Protoss 

Build Orders: 1 Gate Expand, Oracle Opening, Phoenix Opening, Mass Phoenix 

Get SALT Encoding   

  12  0:00  Probe  
  13  0:12  Probe  
  14  0:20  Pylon  
  14  0:24  Probe  
  15  0:38  Probe (Chrono Boost)  
  15  0:41  Gateway  
  16  0:48  Probe (Chrono Boost)  
  16  0:49  Assimilator  
  17  0:53  Probe (Chrono Boost)  
  19  1:04  Probe  
  19  1:16  Probe  
  20  1:28  Nexus  
  20  1:37  Cybernetics Core  
  20  1:40  Probe  
  21  1:47  Assimilator  
  21  1:52  Probe  
  22  1:57  Pylon  
  22  2:04  Probe  
  23  2:12  Adept (Chrono Boost)  
  25  2:16  Probe  
  25  2:20  Stargate  
  26  2:26  Warp Gate  
  26  2:29  Probe (Chrono Boost)  
  27  2:35  Adept  
  29  2:41  Probe (Chrono Boost)  
  29  2:42  Probe (Chrono Boost)  
  31  2:50  Probe x2 (Chrono Boost)  
  33  2:55  Probe  
  33  2:56  Probe  
  35  3:03  Phoenix (Chrono Boost)  
  37  3:07  Probe  
  37  3:08  Probe  
  39  3:17  Pylon  
  39  3:19  Probe  
  40  3:22  Oracle (Chrono Boost)  
  40  3:23  Probe  
  44  3:31  Probe  
  45  3:35  Probe  
  45  3:39  Assimilator  
  45  3:40  Assimilator  
  46  3:45  Gateway  
  46  3:46  Adept  
  46  3:47  Probe  
  49  3:49  Probe  
  49  3:54  Pylon  
  50  3:58  Phoenix  
  50  4:00  Probe  
  53  4:03  Probe  
  54  4:11  Stargate  
  54  4:12  Probe  
  54  4:15  Probe  
  56  4:23  Pylon  
  56  4:24  Phoenix  
  56  4:25  Probe  
  60  4:33  Robotics Facility  
  59  4:49  Phoenix (Chrono Boost)  
  61  4:55  Pylon  
  61  4:56  Phoenix (Chrono Boost)  
  61  4:57  Nexus  
  63  5:11  Phoenix (Chrono Boost)  
  65  5:15  Phoenix (Chrono Boost)  
  65  5:18  Immortal (Chrono Boost)  
  71  5:25  Pylon  
  71  5:29  Phoenix  
  73  5:38  Gateway  
  73  5:39  Gateway  
  73  5:43  Phoenix  
  73  5:49  Immortal (Chrono Boost)  
  79  5:58  Sentry x2  
  83  6:04  Gateway x2  
  83  6:10  Shield Battery  
  83  6:16  Gateway  
  83  6:18  Gateway  
  83  6:21  Warp Prism (Chrono Boost)  
  85  6:30  Sentry x2  
  89  6:35  Pylon  
  87  6:43  Pylon  
  87  6:49  Sentry x2  
  91  6:56  Observer  
  92  7:06  Adept x4  
  100  7:12  Stalker x2, Pylon  
  100  7:13  Stalker  
  100  7:14  Adept  
  108  7:24  Gateway  
  108  7:29  Stalker x2  
  111  7:30  Zealot  
  111  7:37  Stalker x2  
  113  7:48  Immortal  
  113  7:49  Adept  
  117  8:05  Pylon  
  117  8:06  Pylon  
  117  8:07  Pylon  
  117  8:14  Pylon  
  117  8:26  Pylon  
  117  8:28  Pylon  
  117  8:29  Pylon  
  117  8:36  Sentry x4  
  117  8:37  Stalker x4  
  133  8:45  Gateway  
  99  9:04  Stalker x4, Sentry  
  99  9:08  Zealot  
Tags
 
Add a new tag
Caveats
  • Supply blocks, unpowered buildings, or Contaminate may cause inaccurate times.
  • Supply counts are checked every 10 seconds.